 Dungeon Crawl Stone Soup version 0.29.1-12-g30fa7ad0bf (webtiles) character file.

Game seed: 1158648292401834498

63 hawla the Firebug (level 4, 0/33 HPs)
             Began as a Meteoran Fire Elementalist on Jan 5, 2023.
             Slain by Pikel
             ... wielding a +2 whip of flaming
              (4 damage)
             ... on level 4 of the Dungeon.
             The game lasted 00:02:22 (453 turns).

hawla the Firebug (Meteoran Fire Elementalist)       Turns: 453, Time: 00:02:24

Health: 0/33       AC:  2    Str:  9    XL:     4   Next: 56%
Magic:  0/10       EV: 12    Int: 19    God:
Gold:   58         SH:  0    Dex: 14    Spells: 7/10 levels left

rFire   . . .      SeeInvis .   (no weapon)
rCold   . . .      Faith    .   (no shield)
rNeg    . . .      Spirit   .   a - +0 robe
rPois   .          Reflect  .   (no helmet)
rElec   .          Harm     .   (no cloak)
rCorr   .          Rampage  .   (no gloves)
Will    .....                   (no boots)
Stlth   +.........              (no amulet)
HPRegen 0.11/turn               (no ring)
MPRegen 0.12/turn               (no ring)

@: about to teleport, glowing
A: sense surroundings 1, otherworldly, glowing, explore regen
a: no special abilities


You were on level 4 of the Dungeon.
You visited 1 branch of the dungeon, and saw 4 of its levels.

You collected 58 gold pieces.

Inventory:

Armour
 a - a +0 robe (worn)
Scrolls
 c - a scroll of magic mapping
Potions
 b - a potion of magic
 d - a potion of curing {unknown}
 e - a potion of resistance {unknown}
 g - 2 potions of brilliance {unknown}
 h - a potion of lignification {unknown}


   Skills:
 + Level 2.8 Dodging
 - Level 1.4 Stealth
 + Level 3.5 Spellcasting
 + Level 1.3 Conjurations
 + Level 5.1 Fire Magic


You had 7 spell levels left.
You knew the following spells:

 Your Spells              Type           Power      Damage    Failure   Level
a - Foxfire               Conj/Fire      60%        2x1d7     3%          1
b - Scorch                Fire           44%        2d7       2%          2

Your spell library contained the following spells:

 Spells                   Type           Power      Damage    Failure   Level
 Conjure Flame            Conj/Fire      15%        6-21      12%         3
 Inner Flame              Hex/Fire       13%        N/A       16%         3
 Static Discharge         Conj/Air       5%         3-4/arc   17%         2
 Flame Wave               Conj/Fire      15%        2d7       36%         4
 Sticky Flame             Conj/Fire      15%        2d4       36%         4
 Dispel Undead            Necr           3%         3d7       82%         4


Dungeon Overview and Level Annotations

Branches:
Dungeon (4/15) Zot: 1946
 Temple: D:4-7

Altars:

Annotations:
D:4 Pikel


Innate Abilities, Weirdness & Mutations

You passively map a small area around you.
You are easily found by Zot.
You glow in the dark.
You regain HP and MP as you explore.


Message History

The foxfire hits Pikel.
Pikel is burned terribly!
Pikel is lightly wounded.
The foxfire hits Pikel.
Pikel is burned terribly!
Pikel is moderately wounded.
You hear a shout!
Casting: Scorch (safe; 2% risk of failure)
Confirm with . or Enter, or press ? or * to list all spells.
Flames lash Pikel.
Pikel is burned terribly!
Pikel is heavily wounded.
Casting: Scorch (safe; 2% risk of failure)
Confirm with . or Enter, or press ? or * to list all spells.
Flames lash Pikel.
Pikel is burned terribly!
Pikel is heavily wounded.
A lemure comes into view.
Pikel hits you with a +2 whip of flaming!
Pikel burns you.
Casting: Scorch (safe; 2% risk of failure)
Confirm with . or Enter, or press ? or * to list all spells.
You conjure some foxfire!
A lemure comes into view.
Pikel barely misses you.
Casting: Foxfire (safe; 3% risk of failure)
Confirm with . or Enter, or press ? or * to list all spells.
Flames lash Pikel.
Pikel is burned terribly!
Pikel is severely wounded.
The foxfire hits Pikel.
Pikel is severely wounded.
The foxfire hits Pikel but does no damage.
Pikel is severely wounded.
A lemure comes into view.
Pikel hits you with a +2 whip of flaming.
Pikel burns you.
Unknown command.
As you read the scroll labelled FYMMARPH AJISO, it crumbles to dust.
You feel strangely unstable.
It was a scroll of teleportation.
A lemure comes into view.
Pikel hits you with a +2 whip of flaming!
* * * LOW HITPOINT WARNING * * *
Pikel burns you.
You die...

* .. * , .## ,
[..# * ... * .
* #.. * ,..5**
##.#
.5.5########..#
* #.5........##
, *
###.K@..##..#
#..#####..# #..
##.# #.. #.## *
#.. ##..##### *
#.. #.......#
#..* ##....####
##..####.....##
...........#..#


You could see Pikel (combustible) and 4 lemures.

Vanquished Creatures
  5 adders
  A ball python (D:2)
  2 bats (D:2)
  2 endoplasms
  A goblin (D:4)
  A hobgoblin (D:2)
  4 quokkas (D:2)
  2 rats (D:2)
18 creatures vanquished.

Vanquished Creatures (others)
  31 foxfires
  4 plants (D:3)
35 creatures vanquished.

Grand Total: 53 creatures vanquished

Notes
Turn   | Place    | Note
-------+----------+-------------------------------------------
     0 | D:1      | hawla the Meteoran Fire Elementalist began the quest for
                  | the Orb.
     0 | D:1      | Reached XP level 1. HP: 14/14 MP: 5/5
    90 | D:2      | Reached skill level 4 in Fire Magic
    90 | D:2      | Reached XP level 2. HP: 20/20 MP: 3/6
    93 | D:2      | Learned a level 2 spell: Scorch
   142 | D:2      | Reached XP level 3. HP: 26/26 MP: 5/8
   272 | D:2      | Reached XP level 4. HP: 33/33 MP: 5/9
   319 | D:4      | Reached skill level 5 in Fire Magic
   445 | D:4      | Noticed Pikel
   450 | D:4      | Noticed a lemure
   451 | D:4      | Noticed a lemure
   452 | D:4      | Noticed a lemure
   453 | D:4      | Noticed a lemure
   453 | D:4      | Slain by Pikel

Illustrated notes

Levels and vault maps discovered:
D:1:      ncdulo_lavacross, layout_basic, dreamdust_ecumenical_altar_grove,
          minmay_crystal_room, hangedman_decor_peaks_small
D:2:      layout_loops_ring, serial_shops, nicolae_shop_crystal,
          kennysheep_generic_room_13
D:3:      minmay_general_purpose_star, layout_rooms,
          mainiacjoe_overflow_alcove_1, serial_bayou_lake_a, uniq_ijyb,
          uniq_natasha
D:4:      layout_layer_cave, minmay_temple_entry_sparse_star, serial_shops,
          shop_fountains, serial_bayou_pond_b, serial_park_tiny_pond,
          serial_bayou_crossing, uniq_pikel

Skill      XL: |  1  2  3  4 |
---------------+-------------+-----
Fire Magic     | 4 5 |  5.1
Spellcasting   | 3 |  3.5
Dodging        | |  2.8
Stealth        | |  1.4
Conjurations   | |  1.3

Action                   |  1- 3 |  4- 6 || total
-------------------------+-------+-------++-------
Melee: Unarmed           |     4 |     3 ||     7
 Cast: Foxfire           |    12 |     8 ||    20
       Scorch            |     6 |     5 ||    11
  Use: Scroll            |       |     3 ||     3
Armor: Robe              |     2 |     1 ||     3
Dodge: Dodged            |     1 |     4 ||     5
